 Dungeon Crawl Stone Soup version 0.17.0-73-gb648821 (webtiles) character file.

1755 lasdrum the Cleaver (level 8, -12/117 HPs)
             Began as a Deep Dwarf Berserker on Dec 10, 2015.
             Was a Priest of Trog.
             Mangled by an orc wizard
             ... wielding a +2 dagger of distortion
              (16 damage)
             ... on level 6 of the Dungeon.
             The game lasted 01:19:36 (8453 turns).

lasdrum the Cleaver (Deep Dwarf Berserker)          Turns: 8453, Time: 01:19:36

Health: -12/117    AC: 14    Str: 26    XL:     8   Next: 78%
Magic:  8/8        EV:  8    Int:  9    God:    Trog [***...]
Gold:   75         SH:  0    Dex: 13    Spells: 0 memorised, 7 levels left

rFire  . . .     SeeInvis .     a - +1 hand axe (vamp)
rCold  . . .     Clarity  .     q - +1 plate armour
rNeg   . . .     SustAt   .     (no shield)
rPois  .         Gourm    .     u - +0 helmet
rElec  .         Spirit   .     (no cloak)
rCorr  .         Warding  .     (no gloves)
rMut   .         Stasis   .     (no boots)
MR     +....                    (no amulet)
Stlth  ..........               (no ring)
                                (no ring)

@: berserking (expiring), non-regenerating, drained, very quick, somewhat
resistant to hostile enchantments, extremely unstealthy
A: damage resistance, recharge devices, sense surroundings 1, slow regeneration
3
a: Device Recharging, Berserk, Trog's Hand, Burn Spellbooks, Renounce Religion


You were on level 6 of the Dungeon.
You worshipped Trog.
Trog was most pleased with you.
You were not hungry.

You visited 2 branches of the dungeon, and saw 7 of its levels.
You also visited: Sewer.

You collected 275 gold pieces.
You spent 200 gold pieces at shops.

Inventory:

Hand Weapons
 a - a +1 vampiric hand axe (weapon)
 d - a +0 hand axe
 i - a +0 flail of venom
 j - a +0 dagger
 w - a +0 battleaxe
 B - a +1 morningstar of draining
Missiles
 g - 69 bolts
 h - 101 stones (quivered)
 p - 9 poisoned bolts
 r - 20 arrows
Armour
 b - a +1 animal skin
 q - a +1 plate armour (worn)
 u - a +0 helmet (worn)
 C - a +0 chain mail
 D - a +2 plate armour of fire resistance
Wands
 c - a wand of heal wounds (2)
 e - a wand of invisibility (5)
 y - a wand of fire (6)
Scrolls
 m - 2 scrolls of amnesia
 s - 2 scrolls of teleportation
 v - a scroll of remove curse
Potions
 l - a potion of brilliance {unknown}
 n - a potion of heal wounds
 o - 3 potions of curing
Comestibles
 f - a meat ration
 k - a royal jelly
 t - 3 bread rations


   Skills:
 * Level 6.6(5.7) Fighting
 * Level 8.2(7.7) Axes
 + Level 3.3(5.0) Maces & Flails
 + Level 5.4(4.5) Armour
 - Level 2.9(2.2) Dodging
 - Level 0.3(0.0) Stealth


You had 7 spell levels left.
You didn't know any spells.

Dungeon Overview and Level Annotations

Branches:
Dungeon (6/15)             Temple (1/1) D:6

Altars:
Ashenzari
Cheibriados
Elyvilon
Fedhas
Kikubaaqudgha
Makhleb
Nemelex Xobeh
Okawaru
Qazlal
Trog
Zin
The Shining One

Shops:
D:4 ?


Innate Abilities, Weirdness & Mutations

You are resistant to damage.
You can recharge devices by infusing magical energy.
You passively map a small area around you.
You do not regenerate naturally.


Message History

You completely miss the orc priest.
The orc priest is moderately wounded.
You slash the orc priest!
You feel better.
The orc priest is almost dead.
The orc priest closely misses you.
You slash the orc priest!
You feel better.
You kill the orc priest!
Trog accepts your kill.
You miss something. Something hits you but does no damage.
Space bends around you.
You slash something!
You feel better. Something hits you but does no damage.
Space warps horribly around you!
* * * LOW HITPOINT WARNING * * *
You miss something.
Your plate armour prevents you from hitting something.
Something hits you. Space bends around you.
You are too berserk!
Unknown command.
Something hits you but does no damage. Space warps horribly around you!
You die...

...## #.......#..$# ,
......# #.......+...*
, ......# #.......#..
, ......#,
#.......#'## ##....+
#.......#..# ,
##...## #.......#..#
##...#####.......#..#
, ,
#....#.......#+###..#
,
#....#.......'..@)o.#
#....#...#########..#
, #....#...#, , *
#..# ##..##.>.# +
*+####, ##..###'##∩
+, , ,,, ........# *
, *, ........# * , *
........# ** *,
###.##.## +, ,


You could see an orc.

Vanquished Creatures
  The ghost of Clownie the Blocker, a novice FoFi (D:5)
  Grinder (D:5)
  Menkaure (D:5)
  An orc warrior (D:6)
  A black bear (D:6)
  2 ogres
  An ice beast (D:3)
  A crimson imp (D:5)
  2 orc priests
  A centaur skeleton (D:4)
  2 hounds
  A giant frog skeleton (D:4)
  Jessica (D:2)
  6 worker ants
  8 adders
  4 gnolls
  A river rat (D:3)
  A shadow imp (D:5)
  6 worms
  6 giant geckos
  14 orcs
  9 bats
  9 giant cockroaches
  7 goblins
  8 hobgoblins
  2 quokkas
  5 giant newts
  2 jackals (D:5)
  5 kobolds
  14 rats
123 creatures vanquished.

Notes
Turn   | Place    | Note
--------------------------------------------------------------
     0 | D:1      | lasdrum the Deep Dwarf Berserker began the quest for the Orb.
     0 | D:1      | Reached XP level 1. HP: 20/20 MP: 1/1
    22 | D:1      | Reached XP level 2. HP: 25/27 MP: 2/2
   204 | D:1      | Reached skill level 4 in Axes
   338 | D:1      | Reached ** piety under Trog
   338 | D:1      | Reached XP level 3. HP: 26/34 MP: 3/3
  3489 | D:2      | Noticed Jessica
  3505 | D:2      | Killed Jessica
  3505 | D:2      | Reached XP level 4. HP: 16/42 MP: 4/4
  3750 | D:2      | HP: 2/42 [gnoll/flail (1)]
  4018 | D:2      | Found a blossoming altar of Fedhas.
  4023 | D:2      | Found a stormy altar of Qazlal.
  4311 | D:2      | Found a faded altar to an unknown god.
  4575 | D:3      | Reached XP level 5. HP: 22/50 MP: 5/5
  4855 | D:3      | Noticed an ice beast
  4870 | D:3      | Killed an ice beast
  4870 | D:3      | Reached skill level 5 in Axes
  4880 | D:3      | Found a snail-covered altar of Cheibriados.
  5050 | D:3      | Found a glowing drain.
  5054 | Sewer    | Entered a sewer
  5061 | Sewer    | Reached XP level 6. HP: 33/57 MP: 6/6
  5169 | D:3      | Found an iron altar of Okawaru.
  5449 | D:3      | HP: 1/57 [orc priest/nerve-wracking pain (10)]
  5886 | D:4      | Reached *** piety under Trog
  6504 | D:4      | Found Heuch's Magic Scroll Boutique.
  6518 | D:4      | Bought a scroll of brand weapon for 200 gold pieces
  6680 | D:4      | Reached skill level 6 in Axes
  6680 | D:4      | Reached skill level 1 in Maces & Flails
  6680 | D:4      | Reached XP level 7. HP: 41/66 MP: 7/7
  6927 | D:5      | Entered Level 5 of the Dungeon
  7014 | D:5      | Reached skill level 5 in Fighting
  7071 | D:5      | Noticed Menkaure
  7088 | D:5      | Killed Menkaure
  7113 | D:5      | Noticed Clownie's ghost (novice FoFi)
  7137 | D:5      | Killed Clownie's ghost
  7137 | D:5      | Reached skill level 7 in Axes
  7137 | D:5      | Reached XP level 8. HP: 61/76 MP: 8/8
  7655 | D:5      | Noticed Grinder
  7707 | D:5      | Killed Grinder
  7707 | D:5      | Reached skill level 5 in Armour
  7955 | D:6      | Found a staircase to the Ecumenical Temple.
  7966 | Temple   | Entered the Ecumenical Temple
  8293 | D:6      | Reached skill level 8 in Axes
  8450 | D:6      | HP: 4/117 [something (18)]
  8453 | D:6      | Mangled by an orc wizard

Action                   |  1- 3 |  4- 6 |  7- 9 || total
-------------------------+-------+-------+-------++-------
Melee: Hand axe          |   103 |   381 |   186 ||   670
Invok: Berserk           |     1 |     1 |     3 ||     5
       Trog's Hand       |       |     1 |     1 ||     2
       Burn Spellbooks   |       |       |     1 ||     1
Evoke: Wand              |       |     7 |     6 ||    13
  Use: Scroll            |       |    11 |     5 ||    16
       Potion            |       |     6 |     4 ||    10
 Stab: Sleeping          |       |     1 |       ||     1
  Eat: Chunk             |     3 |    11 |     1 ||    15
       Bread ration      |     1 |       |       ||     1
       Meat ration       |       |     1 |     1 ||     2
